 Dungeon Crawl Stone Soup version 0.21-a0-348-ga060c75 (webtiles) character file.

76 vishdafish the Chopper (level 4, 35/35 HPs)
             Began as a Demonspawn Berserker on Oct 6, 2017.
             Was a Believer of Trog.
             Quit the game on level 2 of the Dungeon.
             The game lasted 00:02:36 (1664 turns).

vishdafish the Chopper (Demonspawn Berserker)       Turns: 1664, Time: 00:02:37

Health: 35/35      AC:  4    Str: 17    XL:     4   Next: 12%
Magic:  4/4        EV: 12    Int: 10    God:    Trog [**....]
Gold:   59         SH:  0    Dex: 12    Spells: 3/3 levels left

rFire    . . .     SeeInvis .   a - +0 hand axe
rCold    + . .     Gourm    .   (no shield)
rNeg     . . .     Faith    .   b - +0 animal skin
rPois    .         Spirit   .   (no helmet)
rElec    .         Reflect  .   (no cloak)
rCorr    .         Harm     .   (no gloves)
MR       .....                  (no boots)
Stlth    +.........             (no amulet)
HPRegen  0.11/turn              (no ring)
MPRegen  0.09/turn              (no ring)

@: no status effects
A: molten scales 1, cold resistance 1
a: Berserk, Trog's Hand, Burn Spellbooks, Renounce Religion


You were on level 2 of the Dungeon.
You worshipped Trog.
Trog was pleased with you.
You were hungry.

You visited 1 branch of the dungeon, and saw 2 of its levels.

You collected 59 gold pieces.

Inventory:

Hand Weapons
 a - a +0 hand axe (weapon)
Armour
 b - a +0 animal skin (worn)
Scrolls
 c - a scroll of blinking {unknown}
 d - a scroll of teleportation {unknown}
 h - 4 scrolls of identify {unknown}
 k - a scroll of fear {unknown}
Potions
 e - 2 potions of flight {unknown}
 f - a potion of lignification {unknown}
 g - a potion of mutation {unknown}
 i - a potion of brilliance {unknown}
 l - a potion of haste {unknown}
Comestibles
 j - a meat ration


   Skills:
 + Level 3.4 Fighting
 * Level 3.5 Axes
 + Level 2.3 Armour
 + Level 2.3 Dodging


You had 3 spell levels left.
You didn't know any spells.

Dungeon Overview and Level Annotations

Branches:
Dungeon (2/15)

Altars:
Elyvilon
Gozag


Innate Abilities, Weirdness & Mutations

You are partially covered in molten scales. (AC +2)
Your flesh is cold resistant. (rC+)


Message History

No target in view!
No target in view!
No target in view!
No target in view!
No target in view!
No target in view!
c - a scroll labeled PYTEBLODDO
Found a stone staircase leading up.
You butcher the hobgoblin corpse.
m - a chunk of flesh You see here a club. x2
Eating a chunk of flesh.
You eat the chunk of flesh.
This raw flesh tastes terrible.
You are feeling hungry.
There is a stone staircase leading up here.
Key pressed, stopping explore.
No target in view!
Partly explored, can't reach some places.
Partly explored, can't reach some places.
Are you sure you want to abandon this character and quit the game? (Confirm with "yes".)

#........ ############.###.)
#.................
######.#####.###.. ♣
♣♣♣#######.#####.# ##.
♣.♣.P..##..........# #.
♣.PP...#.##.##.##<# #.
♣♣♣P.....##.##.##.# #.
♣P..@...........# ##
♣♣#######.##.##.# #.......#
####.#### ###
##############.##.##
#.####...........#...#..#######
#........##......###........<..
######.#.##....###8###..##.....
#.#.##....#._._.##.##.....


There were no monsters in sight!

Vanquished Creatures
  A hound skeleton (D:2)
  A worm (D:2)
  A dart slug (D:2)
  2 leopard geckos
  8 bats
  6 giant cockroaches
  5 goblins
  10 hobgoblins
  A quokka (D:2)
  5 frilled lizards
  6 kobolds (D:1)
  5 rats
51 creatures vanquished.

Notes
Turn   | Place    | Note
-------+----------+-------------------------------------------
     0 | D:1      | vishdafish the Demonspawn Berserker began the quest for the Orb.
     0 | D:1      | Reached XP level 1. HP: 18/18 MP: 1/1
   152 | D:1      | Gained mutation: You are partially covered in molten scales. (AC +2) [demonic ancestry]
   152 | D:1      | Reached XP level 2. HP: 21/24 MP: 2/2
   682 | D:2      | Reached XP level 3. HP: 27/29 MP: 3/3
   683 | D:2      | Reached ** piety under Trog
  1258 | D:2      | Found an opulent altar of Gozag.
  1258 | D:2      | Found a white marble altar of Elyvilon.
  1280 | D:2      | Gained mutation: Your flesh is cold resistant. (rC+) [demonic ancestry]
  1280 | D:2      | Reached XP level 4. HP: 35/35 MP: 4/4
  1664 | D:2      | Quit the game

Vault maps used:
D:1:      lightli_arrival_maybe_door_vault, minmay_tetromino_i2
D:2:      gammafunk_temple_overflow_statue, minmay_unequal,
          uniq_crazy_yiuf_cottage

Skill      XL: |  1  2 |
---------------+-------+-----
Armour         | 2 |  2.3
Axes           | 3 |  3.5
Dodging        | 2 |  2.3
Fighting       | |  3.4

Action                   |  1- 3 |  4- 6 || total
-------------------------+-------+-------++-------
Melee: Hand axe          |   124 |    26 ||   150
Invok: Berserk           |     6 |       ||     6
  Eat: Bread ration      |     1 |       ||     1
       Chunk             |     2 |     1 ||     3
Armor: Animal skin       |    42 |    11 ||    53
Dodge: Dodged            |    89 |    28 ||   117

Table legend:
 A = Spawn XP
 B = Non-spawn XP
 C = Spawn XP percentage of total XP
 D = Spawn monster count
 E = Non-spawn monster count
 F = Spawn count percentage of total count
 G = Total turns spent on level
                    A         B        C        D         E        F      G
               +---------+---------+-------+---------+---------+-------+---------
         Total |       0 |     109 |   0.0 |       0 |      51 |   0.0 |  1664
               +---------+---------+-------+---------+---------+-------+---------
           D:1 |       0 |      40 |   0.0 |       0 |      25 |   0.0 |   671
           D:2 |       0 |      69 |   0.0 |       0 |      26 |   0.0 |   993
               +---------+---------+-------+---------+---------+-------+---------
